 Dungeon Crawl Stone Soup version 0.30-b1-2-g02819fbbbe (webtiles) character file.

Game seed: 14403042663953275522

2615014 Quercus the Sorcerer (level 27, 223/223 HPs)
             Began as a Demonspawn Ice Elementalist on Sept 13, 2023.
             Was an Initiate of Gozag.
             Escaped with the Orb
             ... and 5 runes on Dec 23, 2023!
             The game lasted 1 day 01:20:24 (104991 turns).

Quercus the Sorcerer (DsIE)                   Turns: 104991, Time: 1 , 01:20:25

Health: 223/223    AC: 16    Str: 14    XL:     27
Magic:  61/61      EV: 17    Int: 34    God:    Gozag
Gold:   3095       SH: 16    Dex: 12    Spells: 2/77 levels left

rFire   + + +        h - staff of cold "Plog" {rF++ rC+ rN+ Will+}
rCold   + . .        O - +3 warlock's mirror {omnireflect}
rNeg    + . .        N - +1 faerie dragon scales {rPois rF+ Will+++ rCorr Dex-2}
rPois   +            (helmet unavailable)
rElec   +            G - scarf {repulsion}
rCorr   +            w - +2 pair of gloves {hurl}
SInv    +            H - +4 pair of boots "Qibifapt" {Str+4 Slay+2}
Will    +++++        p - amulet of Vitality {RegenMP++ Regen++}
Stlth   +            I - ring of Mismebb {Drain rElec MP+9 EV+5 Int+3}
HPRegen 2.17/turn    E - ring "Jinnih" {Wiz Int+2}
MPRegen 1.17/turn

%: repel missiles, reflection, wizardry (x1)
@: studying 5 skills
A: antennae 3, large bone plates 3, powered by death 3, augmentation 3, demonic
magic 3
0: Orb of Zot
}: 5/15 runes: serpentine, barnacled, slimy, silver, abyssal
a: Renounce Religion, Potion Petition, Call Merchant, Bribe Branch


You escaped.
You worshipped Gozag.
Gozag was most pleased with you.
You visited 13 branches of the dungeon, and saw 57 of its levels.
You visited the Abyss 1 time.
You visited 1 bazaar.
You completed 1 ziggurat, and saw 27 of its levels.
You also visited: Trove and Bailey.

You collected 31231 gold pieces.
You spent 7760 gold pieces at shops.
You paid 20376 gold pieces to Gozag.

Inventory:

Hand Weapons
 a - the +8 autumn katana {manifold assault}
   (You found it on level 11 of a ziggurat)
 b - the +2 Maxwell's thermic engine {flame, freeze, rev}
   (You found it on level 3 of the Crypt)
 Y - the +8 demon trident "Rift" {distort, reach+}
   (You found it on level 15 of a ziggurat)
Missiles
 L - 51 silver javelins
Armour
 w - a +2 pair of gloves of hurling (worn)
 G - a scarf of repulsion (worn)
 H - the +4 pair of boots "Qibifapt" (worn) {Str+4 Slay+2}
   (You found it on level 9 of a ziggurat)

   Str:       It affects your strength (+4).
   Slay:      It affects your accuracy & damage with ranged weapons and melee
   (+2).
 K - a scarf of shadows
 N - the +1 faerie dragon scales (worn) {rPois rF+ Will+++ rCorr Dex-2}
   (You took it off the Enchantress on level 2 of the Depths)

   Dex:       It affects your dexterity (-2).
   rF:        It protects you from fire.
   rPois:     It protects you from poison.
   rCorr:     It protects you from acid and corrosion.
   Will:      It greatly increases your willpower.
 O - the +3 warlock's mirror (worn) {omnireflect}
   (You bought it in a shop on level 3 of the Shoals)

   Omnireflect: It can block and reflect piercing ranged attacks and magical
   attacks against the wielder's willpower.
Magical Staves
 h - the staff of cold "Plog" (weapon) {rF++ rC+ rN+ Will+}
   (You found it on level 17 of a ziggurat)

   [staff of cold]

   Base accuracy: +5 Base damage: 5 Base attack delay: 1.2 This weapon's minimum
   attack delay (0.6) is reached at skill level 12.
   rF:        It greatly protects you from fire.
   rC:        It protects you from cold.
   rN:        It protects you from negative energy.
   Will:      It increases your willpower.
   It falls into the 'Staves' category.
   It is a one-handed weapon.
Jewellery
 i - the ring "Reogeqyl" {Wiz rC+ SInv}
   (You bought it in a shop in a bazaar)

   [ring of wizardry]

   It improves your spell success rate.
   rC:        It protects you from cold.
   SInv:      It lets you see invisible.
 k - the amulet "Xosusm" {RegenMP rPois rCorr Str-5 Dex+3}
   (You found it on level 5 of the Pits of Slime)

   [amulet of magic regeneration]

   It increases your rate of magic regeneration.
   Str:       It affects your strength (-5).
   Dex:       It affects your dexterity (+3).
   rPois:     It protects you from poison.
   rCorr:     It protects you from acid and corrosion.
 l - the ring "Vuon Osa" {Fly Will+ Str+3}
   (You found it in a treasure trove)

   [ring of willpower]

   Str:       It affects your strength (+3).
   Fly:       It grants you flight.
   Will:      It increases your willpower.
 p - the amulet of Vitality (around neck) {RegenMP++ Regen++}
   (You bought it in a shop on level 3 of the Elven Halls)

   [amulet of magic regeneration]

   It increases your rate of magic regeneration.
   Regen:     It increases your rate of health regeneration.
 q - the ring of Vasmeutwud {rPois rC+ Str+2}
   (You found it on level 5 of the Pits of Slime)

   [ring of poison resistance]

   Str:       It affects your strength (+2).
   rC:        It protects you from cold.
   rPois:     It protects you from poison.
 r - the ring "Ydam" {+Blink rF- Int+2 Dex+3 SInv}
   (You found it on level 5 of a ziggurat)

   [ring of see invisible]

   Int:       It affects your intelligence (+2).
   Dex:       It affects your dexterity (+3).
   rF:        It makes you vulnerable to fire.
   SInv:      It lets you see invisible.
   +Blink:    It lets you blink.
 s - the ring of Sunlight {rF+ rC+ MP+9 Dex+4}
   (You found it in a treasure trove)

   [ring of magical power]

   Dex:       It affects your dexterity (+4).
   rF:        It protects you from fire.
   rC:        It protects you from cold.
   MP:        It affects your magic capacity (+9).
 E - the ring "Jinnih" (right hand) {Wiz Int+2}
   (You took it off a deep elf annihilator on level 3 of the Elven Halls)

   [ring of wizardry]

   It improves your spell success rate.
   Int:       It affects your intelligence (+2).
 I - the ring of Mismebb (left hand) {Drain rElec MP+9 EV+5 Int+3}
   (You found it on level 14 of a ziggurat)

   [ring of evasion]

   EV:        It affects your evasion (+5).
   Int:       It affects your intelligence (+3).
   rElec:     It insulates you from electricity.
   MP:        It affects your magic capacity (+9).
   Drain:     It drains your maximum health when unequipped.
Wands
 d - a wand of iceblast (142)
 u - a wand of polymorph (34)
 y - a wand of mindburst (64)
 B - a wand of flame (285)
 R - a wand of paralysis (92)
 U - a wand of digging (27)
 X - a wand of quicksilver (60)
Scrolls
 g - 8 scrolls of fear
 x - 7 scrolls of summoning
 z - 13 scrolls of immolation
 A - 23 scrolls of teleportation
 C - 2 scrolls of enchant armour
 P - 4 scrolls of blinking
 Q - 5 scrolls of amnesia
 T - 15 scrolls of fog
Potions
 c - a potion of invisibility
 j - 5 potions of cancellation
 n - 24 potions of curing
 o - 6 potions of haste
 v - 5 potions of heal wounds
 D - a potion of magic
 F - 4 potions of brilliance
 J - 5 potions of might
 S - 3 potions of flight
 Z - 2 potions of resistance
Miscellaneous
 e - a lightning rod (4/4)
 f - a phantom mirror
 m - a phial of floods
 t - a condenser vane


   Skills:
 - Level 19.7 Fighting
 - Level 12.7 Long Blades
 - Level 7.8 Maces & Flails
 + Level 20.5 Ranged Weapons
 - Level 4.6 Armour
 - Level 5.0 Dodging
 - Level 3.0 Stealth
 - Level 6.0 Shields
 + Level 25.5 Spellcasting
 - Level 12.5 Conjurations
 - Level 11.8 Summonings
 - Level 22.0 Necromancy
 - Level 7.0 Translocations
 - Level 13.1 Transmutations
 - Level 17.7 Fire Magic
 - Level 11.6 Ice Magic
 - Level 12.0 Air Magic
 + Level 16.7 Earth Magic
 - Level 4.2 Poison Magic
 - Level 7.7 Evocations


You had 2 spell levels left.
You knew the following spells:

 Your Spells              Type           Power      Damage    Failure   Level
a - Infestation           Necr           81%        N/A       1%          8
b - Necromutation         Tmut/Necr      75%        N/A       1%          8
c - Anguish               Hex/Necr       65%        N/A       1%          4
d - Ignition              Fire           75%        3d20      1%          8
e - Olgreb's Toxic Radia  Pois           100%       N/A       1%          4
f - Ignite Poison         Fire/Tmut/Pois 100%       N/A       1%          3
g - Borgnjor's Vile Clut  Necr/Erth      78%        N/A       0%          5
h - Blink                 Tloc           100%       N/A       1%          2
i - Spellforged Servitor  Conj/Summ      67%        N/A       2%          7
j - Iron Shot             Conj/Erth      71%        9d13      1%          6
k - Iskenderun's Mystic   Conj/Tloc      100%       2d19      1%          4
l - Haunt                 Necr/Summ      74%        N/A       1%          7
m - Dispel Undead         Necr           100%       3d31      0%          4
n - Apportation           Tloc           100%       N/A       1%          1
o - Manifold Assault      Tloc           100%       N/A       1%          4

Your spell library contained the following spells:

 Spells                   Type           Power      Damage    Failure   Level
 Beastly Appendage        Tmut           100%       N/A       0%          1
 Foxfire                  Conj/Fire      100%       2x1d9     0%          1
 Freeze                   Ice            100%       1d10      0%          1
 Kiss of Death            Conj/Necr      100%       2d13      0%          1
 Magic Dart               Conj           100%       1d8       0%          1
 Necrotise                Necr           100%       1d9       0%          1
 Sandblast                Erth           100%       2d20      0%          1
 Shock                    Conj/Air       100%       1d9       0%          1
 Summon Small Mammal      Summ           100%       N/A       0%          1
 Call Imp                 Summ           100%       N/A       0%          2
 Cigotuvi's Dreadful Rot  Necr/Pois/Air  100%       N/A       0%          2
 Passwall                 Tmut/Erth      100%       N/A       0%          2
 Scorch                   Fire           100%       2d9       0%          2
 Static Discharge         Conj/Air       100%       2-7/arc   0%          2
 Sublimation of Blood     Necr           100%       N/A       0%          2
 Wereblood                Tmut           100%       N/A       0%          2
 Slow                     Hex            100%       N/A       1%          1
 Sting                    Tmut/Pois      100%       1d8       1%          1
 Ensorcelled Hibernation  Hex/Ice        100%       N/A       1%          2
 Lesser Beckoning         Tloc           100%       N/A       1%          2
 Momentum Strike          Conj/Tloc      100%       3d10      1%          2
 Poisonous Vapours        Pois/Air       100%       N/A       1%          2
 Call Canine Familiar     Summ           100%       N/A       0%          3
 Hailstorm                Conj/Ice       100%       3d20      0%          3
 Stone Arrow              Conj/Erth      100%       3d13      0%          3
 Swiftness                Air            100%       N/A       0%          3
 Vampiric Draining        Necr           100%       2d13      0%          3
 Volatile Blastmotes      Fire/Tloc      100%       2d18      0%          3
 Flame Wave               Conj/Fire      100%       2d21      0%          4
 Petrify                  Tmut/Erth      100%       N/A       0%          4
 Sticky Flame             Conj/Fire      100%       2d11      0%          4
 Agony                    Necr           100%       N/A       0%          5
 Death Channel            Necr           81%        N/A       0%          6
 Confusing Touch          Hex            77%        N/A       1%          3
 Dazzling Flash           Conj/Hex       100%       N/A       1%          3
 Frozen Ramparts          Ice            100%       1d16      1%          3
 Gell's Gravitas          Tloc           100%       N/A       1%          3
 Inner Flame              Hex/Fire       100%       N/A       1%          3
 Mephitic Cloud           Conj/Pois/Air  100%       N/A       1%          3
 Ozocubu's Armour         Ice            100%       N/A       1%          3
 Portal Projectile        Hex/Tloc       100%       N/A       1%          3
 Spider Form              Tmut/Pois      100%       N/A       1%          3
 Summon Guardian Golem    Hex/Summ       100%       N/A       1%          3
 Teleport Other           Tloc           100%       N/A       1%          3
 Tukima's Dance           Hex            77%        N/A       1%          3
 Vhi's Electric Charge    Tloc/Air       100%       N/A       1%          3
 Airstrike                Air            67%        2d(10-26) 1%          4
 Animate Armour           Summ/Erth      100%       N/A       1%          4
 Fulminant Prism          Conj/Hex       56%        3d24      1%          4
 Ice Form                 Ice/Tmut       100%       N/A       1%          4
 Leda's Liquefaction      Hex/Erth       60%        N/A       1%          4
 Passage of Golubria      Tloc           100%       N/A       1%          4
 Summon Ice Beast         Ice/Summ       100%       N/A       1%          4
 Summon Lightning Spire   Summ/Air       100%       N/A       1%          4
 Alistair's Intoxication  Tmut/Pois      82%        N/A       1%          5
 Arcjolt                  Conj/Air       67%        1d77      1%          5
 Blade Hands              Tmut           69%        N/A       1%          5
 Fireball                 Conj/Fire      72%        3d27      1%          5
 Freezing Cloud           Conj/Ice/Air   80%        6-21      1%          5
 Irradiate                Conj/Tmut      68%        3d34      1%          5
 Iskenderun's Battlesphe  Conj           100%       2d15      1%          5
 Lee's Rapid Deconstruct  Erth           74%        3d33*     1%          5
 Metabolic Englaciation   Hex/Ice        67%        N/A       1%          5
 Silence                  Hex/Air        55%        N/A       1%          5
 Summon Forest            Summ/Tloc      63%        N/A       1%          5
 Summon Mana Viper        Hex/Summ       100%       N/A       1%          5
 Yara's Violent Unravell  Hex/Tmut       57%        3d22      1%          5
 Conjure Ball Lightning   Conj/Air       67%        3x3d25    1%          6
 Eringya's Noxious Bog    Tmut/Pois      61%        N/A       1%          6
 Plasma Beam              Fire/Air       71%        2x1d96    1%          6
 Starburst                Conj/Fire      72%        6d19      1%          6
 Statue Form              Tmut/Erth      96%        N/A       1%          6
 Summon Cactus Giant      Summ           67%        N/A       1%          6
 Dragon Form              Tmut           69%        N/A       1%          7
 Orb of Destruction       Conj           68%        9d16      1%          7
 Storm Form               Tmut/Air       68%        N/A       1%          7
 Borgnjor's Revivificati  Necr           81%        N/A       1%          8
 Monstrous Menagerie      Summ           67%        N/A       2%          7
 Ozocubu's Refrigeration  Ice            79%        4d25      2%          7
 Summon Hydra             Summ           67%        N/A       2%          7
 Death's Door             Necr           81%        N/A       4%          9
 Lehudib's Crystal Spear  Conj/Erth      71%        10d16     6%          8
 Malign Gateway           Summ/Tloc      63%        N/A       7%          7
 Maxwell's Capacitive Co  Air            67%        ∞         19%         8
 Shatter                  Erth           74%        3d54*     38%         9
 Fire Storm               Conj/Fire      72%        8d18      58%         9
 Disjunction              Tloc           58%        N/A       78%         8
 Chain Lightning          Conj/Air       67%        3d90      92%         9
 Enfeeble                 Hex            38%        N/A       96%         7
 Polar Vortex             Ice            79%        N/A       96%         9
 Discord                  Hex            38%        N/A       100%        8
 Animate Dead             Necr           Unusable   N/A       N/A         4
 Simulacrum               Ice/Necr       Unusable   N/A       N/A         6

Dungeon Overview and Level Annotations

Branches:
Dungeon (15/15)            Temple (1/1) D:5            Lair (5/5) D:11
 Shoals (4/4) Lair:3        Snake (4/4) Lair:2        Slime (5/5) Lair:5
    Orc (2/2) D:9             Elf (3/3) Orc:2        Vaults (5/5) D:13
  Crypt (3/3) Vaults:3       Tomb (1/3) Crypt:3      Depths (4/4) D:15
    Zot (5/5) Depths:4     Bailey (visited)

Altars:
Ashenzari
Cheibriados
Dithmenos
Fedhas
Gozag
Hepliaklqana
Kikubaaqudgha
Makhleb
Nemelex Xobeh
Okawaru
Qazlal
Ru
Sif Muna
Trog
Uskayaw
Vehumet
Wu Jian
Xom
Yredelemnul
Jiyva

Shops:
D:8 (   Orc:2 (=(*   Elf:1 [   Elf:2 [   Elf:3 ==:[   Shoals:2 ?   Shoals:3 [
Snake:2 (?[:=(   Snake:3 (   Vaults:4 ?   Vaults:5 =   Depths:1 :

Portals:
Hell: Depths:1 Depths:2 Depths:3 Depths:4
Abyss: Orc:1 Depths:2 Depths:3
Pandemonium: Depths:2

Annotations:
Snake:2 exclusion: downstairs
Depths:1 2 transporters, frimble's ghost, adept DsGl


Innate Abilities, Weirdness & Mutations

You have a pair of large antennae on your head. (SInv)
You are completely covered in large bone plates. (SH +8)
You regenerate a lot of health from kills.
Your magical and physical power is greatly enhanced at high health.
Spells you cast and wands you use may paralyse nearby enemies.


Message History

Casting: Necromutation (mildly dangerous; 1% risk of failure)
Confirm with . or Enter, or press ? or * to list all spells.
You summon a servant imbued with your destructive magic!
Malevolent energies surge around you.
Your spellforged servitor gestures at the green death while chanting.
The iron shot hits the green death!!!
The green death hits your spellforged servitor but does no damage.
Casting: Spellforged Servitor (mildly dangerous; 2% risk of failure)
Confirm with . or Enter, or press ? or * to list all spells.
Aiming: Iron Shot (mildly dangerous; 1% risk of failure)
Press: ? - help, Shift-Dir - straight line, f - green death
Aim: a green death (severely wounded, not watching you, ally target, 89% to hit)
The iron shot hits the green death!!!!
You kill the green death!
Malevolent energies surge around you.
You now have 3095 gold pieces (gained 21).
You see here a +0 short sword.
There is a stone staircase leading up here.
You climb upwards.
Your summoned ally is left behind.
There is a stone staircase leading down here.
There is an open door here.
There is a stone staircase leading up here.
You climb upwards.
There is a stone staircase leading down here.
You sense a monster nearby.
A sixfirhy comes into view.
Casting: Iron Shot (mildly dangerous; 1% risk of failure)
Confirm with . or Enter, or press ? or * to list all spells.
Aiming: Iron Shot (mildly dangerous; 1% risk of failure)
Press: ? - help, Shift-Dir - straight line, f - sixfirhy
Aim: a sixfirhy (59% to hit)
The iron shot hits the sixfirhy!!!!
You kill the sixfirhy!
Malevolent energies surge around you.
Magic restored.
Your transformation is almost over.
You feel yourself come back to life.
There is an open gate here.
There is a staircase leading out of the dungeon here.
You have escaped!

######################
≈≈≈≈≈≈≈≈≈≈≈≈≈≈≈≈≈≈≈≈≈♣
≈≈≈≈≈≈≈≈≈≈≈≈≈≈≈≈≈≈♣
≈≈≈≈≈≈≈≈≈~≈~≈~~~≈≈♣
≈≈≈≈≈≈≈~~..~~..♣♣♣♣
### ≈≈≈≈≈~...........♣
#.# ≈≈≈~~............♣
#.# ≈≈~~............P♣
#.#########
≈≈≈....P.♣.....♣@♣
#..........
≈≈≈~..........♣♣♣♣
#..........
≈≈~......♣P.P.♣
#..##.#####
≈≈~.....♣##########
##......### ≈≈~~....P#
#..## ##...#.#....
≈≈.......#
#...###...........
≈~~.....P#
#..#.#.#...#.#.###
≈≈~~....♣#
#..##.##.......#
≈≈≈~....♣#
#..##.##..##.#.###


There were no monsters in sight!

Vanquished Creatures
  the Royal Jelly (Slime:5)
  Dissolution (Slime:4)
  6 dread liches
  8 ancient liches
  An orb of fire (Zot:5)
  5 royal mummies
  Vv (Depths:2)
  Bai Suzhen (Snake:3)
  3 Killer Klowns
  3 shard shrikes
  2 golden dragons
  A caustic shrike (Zig:18)
  the Enchantress (Depths:2)
  2 profane servitors
  4 bone dragons
  3 hellephants (Zig:18)
  Jorgrun (Orc:1)
  7 Orb Guardians (Zot:5)
  15 Ice Fiends
  8 tentacled monstrosities
  Asterion (Vaults:1)
  5 liches
  A Hell Sentinel (D:15)
  7 quicksilver dragons
  6 titans
  9 deep elf master archers
  9 acid blobs
  2 tentacled starspawn
  3 deep elf blademasters
  19 ancient champions
  2 Executioners (Zig:19)
  3 shadow dragons
  Agnes (Snake:3)
  8 death cobs
  Kirke (Shoals:1)
  3 tengu reavers
  A draconian monk (Zot:4)
  A storm dragon (Zot:3)
  Ilsuiw (Shoals:4)
  9 rockslimes
  9 revenants
  13 azure jellies
  9 emperor scorpions
  27 narguns
  6 frost giants
  2 draconian knights
  21 nagarajas
  4 fire giants
  16 ghost moths
  9 vault wardens
  A frost giant (shapeshifter) (Zig:10)
  3 deep elf sorcerers
  A juggernaut zombie (Crypt:2)
  Louise (Shoals:1)
  A balrug (Zig:19)
  3 draconian scorchers
  8 draconian stormcallers
  2 deep elf elementalists
  2 orc warlords
  2 draconian shifters
  10 ironbound preservers
  Aizul (Snake:3)
  5 spriggan defenders
  4 ghouls
  2 demonspawn corrupters (Zig:19)
  8 curse skulls
  2 draconian annihilators
  6 cacodemons
  9 very ugly things
  3 quicksilver oozes
  2 ironbound thunderhulks
  A war gargoyle (Vaults:3)
  8 reapers
  A stone giant (shapeshifter) (Zig:10)
  11 stone giants
  An eleionoma (Zig:22)
  4 green draconians
  8 deep elf demonologists
  8 purple draconians
  8 deep elf annihilators
  4 demonspawn black suns
  19 vampire knights
  3 dire elephants
  8 red draconians
  9 black draconians
  2 bunyips (Zig:22)
  A lorocyproca (D:9)
  26 wendigos
  6 yellow draconians
  5 deep elf death magi
  4 spark wasps (Depths:3)
  7 blizzard demons
  8 white draconians
  7 eidola
  5 ettins
  2 green deaths
  4 jiangshi
  6 fire dragons
  23 merfolk javelineers
  3 crystal guardians
  6 mummy priests
  4 deep elf high priests
  9 entropy weavers
  A spriggan zombie (Depths:2)
  12 merfolk impalers
  6 salamander tyrants
  6 great orbs of eyes
  17 yaktaur captains
  6 ice dragons
  An ogre mage (D:15)
  A jorogumo (Zig:26)
  3 spriggan air magi
  Erolcha (Orc:1)
  9 vault guards (Vaults:5)
  A peacekeeper (Vaults:3)
  6 hydras
  15 centaur warriors
  5 ironbound frosthearts
  9 two-headed ogres
  3 merfolk avatars
  5 alligator snapping turtles
  2 catoblepae (Zig:18)
  A radroach (Zig:26)
  The ghost of diceflayer the Fighter, a novice DsHu (D:9)
  6 boulder beetles
  5 anacondas
  2 death scarabs (Tomb:1)
  7 tengu warriors
  An azure jelly zombie (Crypt:3)
  5 deep troll shamans
  A death yak (Zig:18)
  9 naga warriors
  12 merfolk aquamancers
  10 satyrs
  A titan zombie (Crypt:3)
  4 deep troll earth magi
  23 dancing weapons
  16 vampire magi
  24 naga sharpshooters
  4 soul eaters
  6 spriggan berserkers
  7 shock serpents
  A thrashing horror (Zig:8)
  17 deep elf knights
  7 hell knights
  Amaemon (D:8)
  4 skysharks
  A sixfirhy (D:1)
  4 shadow wraiths (Zig:24)
  17 skeletal warriors
  8 pharaoh ants
  A spriggan rider (Depths:2)
  6 iron trolls
  2 salamander mystics (Snake:4)
  8 flayed ghosts
  A spark wasp zombie (Zig:2)
  3 spriggan druids
  The ghost of octothorp the Sneak, a novice OpAr of Vehumet (D:9)
  50 deep trolls
  2 orb spiders (shapeshifter)
  15 deep elf archers
  4 glowing orange brains
  11 orb spiders
  20 sea snakes
  18 harpies
  2 spriggan simulacra
  2 orange crystal statues
  7 ironbound convokers
  9 orc knights
  8 wizards
  8 phantasmal warriors
  A lindwurm (shapeshifter) (Zig:10)
  2 obsidian statues (Zig:15)
  6 steelbarb worms
  12 lindwurms
  4 necromancers
  A goliath frog zombie (Crypt:3)
  2 mana vipers
  12 deep elf pyromancers
  A mana viper (shapeshifter) (Vaults:4)
  4 wolf spiders
  17 manticores
  3 orc sorcerers (Orc:2)
  An iron dragon zombie (Crypt:3)
  33 deep elf zephyrmancers
  A shining eye (shapeshifter) (Zig:10)
  6 shining eyes
  11 salamanders
  8 cyclopes
  A manticore (shapeshifter) (Zig:10)
  28 ugly things
  16 fauns
  A centaur zombie (Crypt:3)
  A fire giant zombie (Depths:1)
  14 moths of wrath
  35 black mambas
  A naga zombie (Crypt:3)
  7 elephants
  8 torpor snails
  8 vault sentinels
  A sphinx skeleton (Depths:2)
  A demonic crawler (Zig:12)
  A shock serpent skeleton (Crypt:1)
  A rust devil (Depths:2)
  2 titan simulacra
  9 merfolk sirens
  15 water nymphs
  2 apocalypse crabs
  An orange demon (Zig:19)
  13 guardian serpents
  A smoke demon (Abyss:4)
  11 naga magi
  An eye of devastation (Slime:5)
  4 rime drakes
  19 cane toads
  An ice statue (Zig:15)
  A gargoyle (D:12)
  Psyche (D:9)
  An unseen horror (D:9)
  5 hellions
  A kobold demonologist (D:12)
  25 yaktaurs
  A grey draconian skeleton (Crypt:2)
  7 komodo dragons
  A tengu conjurer (Depths:1)
  4 freezing wraiths
  A red devil (Depths:2)
  8 guardian mummies
  A black draconian skeleton (Crypt:3)
  27 merfolk
  3 tormentors
  A tyrant leech (Lair:5)
  2 trolls (D:11)
  A hellwing (Zig:19)
  An ancient zyme (Zig:8)
  8 saltlings (Orc:2)
  18 blink frogs
  2 polar bears
  6 dream sheep
  6 raiju
  13 wind drakes
  7 hornets
  3 tarantellas
  An iron dragon simulacrum (Zig:27)
  13 snapping turtles
  13 large abominations (Abyss:4)
  3 culicivoras
  5 jumping spiders (Zig:26)
  11 flying skulls
  3 air elementals
  A shadow (D:12)
  An ettin skeleton (Depths:1)
  60 slime creatures
  13 water elementals
  2 ynoxinuls
  6 spriggans
  A spriggan (shapeshifter) (Orc:1)
  21 yaks
  4 wraiths
  4 wyverns
  6 hogs (Shoals:1)
  3 fire bats (Lair:3)
  A steam dragon (D:7)
  3 fire elementals
  3 ushabtiu
  12 golden eyes
  A redback (shapeshifter) (Vaults:5)
  Grum (D:8)
  A chaos spawn (Depths:4)
  2 neqoxecs
  12 redbacks
  2 basilisks (Zig:11)
  A wind drake skeleton (Crypt:3)
  Edmund (D:5)
  Menkaure (D:6)
  4 wargs
  9 vampire mosquitoes
  A warg (shapeshifter) (Vaults:5)
  26 nagas
  15 water moccasins
  A glowing shapeshifter zombie (Depths:2)
  21 orc warriors
  5 nameless horrors
  4 black bears
  3 sky beasts
  2 ice beasts
  8 boggarts
  A blink frog zombie (Crypt:1)
  13 centaurs
  7 ogres
  A snapping turtle skeleton (Crypt:1)
  A swamp dragon skeleton (Crypt:1)
  11 wolves
  A tengu (shapeshifter) (Depths:2)
  2 lemures (D:9)
  17 small abominations (Abyss:4)
  3 phantoms
  4 kobold brigands
  16 bullfrogs
  2 gnoll sergeants
  A glowing shapeshifter simulacrum (Zig:23)
  4 scorpions
  A scorpion (shapeshifter) (D:14)
  A wight (D:6)
  6 killer bees
  An electric eel (Lair:5)
  8 howler monkeys
  3 lava snakes (Lair:2)
  3 jellies
  Crazy Yiuf (D:4)
  9 orc priests
  2 hounds
  4 sleepcaps
  4 iguanas
  Ijyb (D:5)
  A hell rat (Zig:11)
  A black bear skeleton (Crypt:2)
  14 orc wizards
  An acid dragon skeleton (Crypt:1)
  11 mummies
  A hound skeleton (Crypt:2)
  22 gnolls
  10 adders
  3 white imps
  An ufetubus (D:6)
  2 worms (D:2)
  2 dart slugs (D:4)
  58 orcs
  11 ball pythons
  6 bats
  8 endoplasms
  2 giant cockroaches
  8 hobgoblins
  7 jackals
  38 kobolds
  3 quokkas
  2 frilled lizards
  8 goblins
  5 rats
  A bush (Lair:4)
  3 pillars of salt (Orc:2)
  2 starspawn tentacles (Zig:8)
2224 creatures vanquished.

Vanquished Creatures (collateral kills)
  3 dread liches
  A pandemonium lord (Zig:10)
  Mara (Depths:1)
  Khufu (Crypt:2)
  3 ancient liches (Zot:5)
  A juggernaut (Orc:1)
  4 shard shrikes
  2 royal mummies
  3 Killer Klowns
  Margery (Depths:4)
  2 golden dragons
  4 caustic shrikes
  2 curse toes
  2 profane servitors
  A Tzitzimitl (Zig:19)
  2 electric golems (Zot:5)
  A Brimstone Fiend (Zig:19)
  A Hell Sentinel (Zig:10)
  Rupert (D:13)
  2 hellephants (Zig:11)
  Mlioglotl (Snake:1)
  3 liches
  8 titans
  5 Ice Fiends
  17 Orb Guardians
  2 deep elf blademasters
  8 tentacled monstrosities
  4 quicksilver dragons
  2 deep elf master archers
  An Executioner (Abyss:4)
  5 acid blobs
  2 death cobs
  8 sphinxes
  5 ancient champions
  4 storm dragons
  2 shadow dragons (Vaults:5)
  4 tengu reavers (Vaults:5)
  3 rockslimes
  4 azure jellies
  A demonspawn warmonger (Zig:19)
  4 nagarajas
  3 revenants
  4 frost giants
  4 draconian monks
  3 draconian scorchers
  6 fire giants
  5 deep elf sorcerers
  2 emperor scorpions
  3 vault wardens (Vaults:5)
  3 narguns
  A deep elf elementalist (Elf:3)
  4 curse skulls
  13 stone giants
  3 draconian stormcallers
  2 war gargoyles (Vaults:5)
  2 balrugs
  A spriggan defender (Depths:2)
  4 draconian shifters
  3 iron dragons
  A cacodemon (D:14)
  A reaper (Zig:24)
  4 quicksilver oozes
  10 ironbound preservers
  5 very ugly things
  3 ghouls (Crypt:2)
  A draconian annihilator (Zot:5)
  A deep elf demonologist (Elf:3)
  The ghost of Termiter the Reanimator, a journeyman DsNe of Nemelex Xobeh (D:14)
  5 ironbound thunderhulks
  2 black draconians (Zot:5)
  2 vampire knights
  7 green draconians
  2 demonspawn black suns
  2 bennus (Zig:7)
  3 wendigos
  2 red draconians (Zot:4)
  2 white draconians
  4 dire elephants (Vaults:1)
  A purple draconian (Zot:5)
  2 deep elf annihilators (Elf:3)
  A spark wasp (Zig:12)
  6 ettins
  2 blizzard demons
  2 yellow draconians
  An eidolon (Crypt:2)
  11 mummy priests
  2 merfolk impalers
  A merfolk javelineer (Zig:25)
  6 jiangshi
  The ghost of Fartwhistle the Skirmisher, a journeyman GnHu of Makhleb (D:12)
  5 deep elf death magi
  5 yaktaur captains
  4 entropy weavers
  2 deep elf high priests (Vaults:5)
  5 great orbs of eyes
  13 vault guards (Vaults:5)
  3 fire dragons
  5 ice dragons
  5 hydras
  6 salamander tyrants (Zig:21)
  A merfolk avatar (Shoals:4)
  An ogre mage (Vaults:5)
  An ironbound frostheart (Vaults:3)
  A juggernaut simulacrum (Zig:27)
  4 spriggan air magi
  The ghost of Killmatronix the Skirmisher, a novice AtHs of Okawaru (D:9)
  2 anacondas
  7 centaur warriors
  A jorogumo (Zig:26)
  3 peacekeepers
  12 dancing weapons
  4 merfolk aquamancers
  The ghost of Gyhakk the Martial Artist, a journeyman OpTm of Gozag (Orc:1)
  Erica (D:11)
  2 boulder beetles
  3 two-headed ogres
  3 deep troll earth magi
  4 alligator snapping turtles
  8 deep troll shamans
  A thrashing horror (Zig:8)
  An orc high priest (Orc:2)
  4 death scarabs
  A naga warrior (Zig:21)
  A tengu warrior (Depths:1)
  5 vampire magi
  5 spriggan berserkers
  3 hell knights (Depths:4)
  A soul eater (Crypt:3)
  A shock serpent (Snake:3)
  3 deep elf knights
  A wretched star (Zig:8)
  A pharaoh ant (Zig:9)
  A sixfirhy (Zig:19)
  5 iron trolls
  12 deep trolls
  13 skeletal warriors
  3 skysharks
  5 sea snakes
  2 spriggan riders
  3 glowing orange brains
  A golden dragon skeleton (Zig:4)
  2 tengu zombies
  2 orb spiders (Zig:12)
  3 flayed ghosts
  A swamp dragon (Zig:22)
  A naga ritualist (Zig:21)
  4 ironbound convokers
  2 bog bodies
  A lindwurm (Vaults:1)
  5 steelbarb worms
  An obsidian statue (Zig:14)
  A shadow dragon zombie (Zig:14)
  Pikel (D:9)
  6 deep elf archers
  2 orange crystal statues (Zig:14)
  A sphinx zombie (Depths:1)
  3 harpies
  A wolf spider (Zig:9)
  7 phantasmal warriors
  2 necromancers (Depths:4)
  2 orc knights
  3 wizards
  7 deep elf zephyrmancers
  15 deep elf pyromancers
  19 ugly things
  8 large abominations
  7 manticores
  A stone giant zombie (Crypt:2)
  4 fauns
  2 mana vipers (Snake:4)
  2 cyclopes
  A cyclops (shapeshifter) (D:14)
  2 sphinx skeletons
  A will-o-the-wisp (Zig:8)
  2 shining eyes
  2 salamanders
  A centaur zombie (Crypt:2)
  9 moths of wrath
  2 elephants (Lair:2)
  2 merfolk sirens
  A fire giant skeleton (Crypt:1)
  2 naga magi
  Joseph (D:7)
  7 black mambas
  5 smoke demons
  6 vault sentinels
  2 rust devils (Depths:2)
  A water nymph (shapeshifter) (Depths:2)
  A titan simulacrum (Zig:14)
  2 torpor snails
  4 demonic crawlers
  A pale draconian zombie (Crypt:3)
  3 cane toads (Zig:11)
  8 yaktaurs
  A kobold demonologist (D:14)
  An orange demon (D:8)
  4 freezing wraiths
  2 tormentors
  A komodo dragon (Lair:3)
  A yellow draconian skeleton (Crypt:1)
  25 guardian mummies
  An ancient zyme (Zig:8)
  8 merfolk
  A tarantella (Zig:26)
  4 trolls
  3 wind drakes
  A hornet (Depths:3)
  Prince Ribbit (D:6)
  10 blink frogs
  A raiju (Abyss:4)
  An alligator zombie (Crypt:2)
  A dream sheep (shapeshifter) (D:14)
  2 harpy skeletons
  4 snapping turtles
  26 flying skulls
  2 jumping spiders
  Sigmund (D:6)
  3 culicivoras
  49 slime creatures
  An air elemental (Elf:3)
  A centaur simulacrum (D:14)
  8 water elementals
  2 spriggans
  2 wyverns
  A shadow (D:11)
  A naga simulacrum (Crypt:2)
  6 ushabtiu
  10 yaks
  A spriggan skeleton (Depths:1)
  A human (shapeshifter) (Vaults:5)
  2 basilisks (Lair:5)
  2 wraiths
  3 golden eyes (Slime:2)
  A hog (Shoals:1)
  A chaos spawn (Depths:2)
  3 neqoxecs
  3 vampire mosquitoes
  2 redbacks
  A warg (D:11)
  5 nagas
  3 water moccasins
  A water moccasin (shapeshifter) (D:14)
  A glowing shapeshifter zombie (Zig:14)
  4 orc warriors
  2 wolves (Lair:5)
  A swamp dragon skeleton (Crypt:3)
  A centaur (Zig:25)
  3 small abominations (Abyss:4)
  A rime drake zombie (Crypt:1)
  Blork the orc (D:5)
  A bullfrog (Lair:5)
  An earth elemental (Zig:15)
  A necrophage (Crypt:2)
  2 spriggan zombies
  A raiju zombie (Crypt:3)
  5 killer bees (D:10)
  3 electric eels
  4 orc priests
  A basilisk zombie (Crypt:2)
  44 mummies
  A dart slug (D:5)
  An orc (shapeshifter) (D:14)
  5 orcs
  A hobgoblin zombie (Crypt:3)
  A jackal skeleton (Crypt:3)
  A spectral weapon (Vaults:1)
  A starspawn tentacle (Orc:1)
962 creatures vanquished.

Vanquished Creatures (others)
  A dread lich (Zot:5)
  2 ancient liches (Zot:5)
  A Killer Klown (Zot:5)
  A pandemonium lord (Zig:5)
  A tentacled monstrosity (Zot:5)
  2 Orb Guardians (Zot:5)
  A storm dragon (Zot:5)
  A draconian monk (Zig:13)
  A vault warden (Vaults:5)
  A revenant (Crypt:3)
  A ghost moth (Zig:9)
  A draconian scorcher (Zot:1)
  An emperor scorpion (Zig:12)
  2 draconian annihilators
  An ironbound preserver (Vaults:5)
  A war gargoyle (Vaults:5)
  A demonspawn blood saint (Zig:5)
  A green draconian (Zot:1)
  A deep elf demonologist (Vaults:5)
  3 yellow draconians (Zot:5)
  A purple draconian (Zot:5)
  A deep elf annihilator (Vaults:5)
  A merfolk javelineer (Shoals:2)
  4 vault guards (Vaults:5)
  A caustic shrike simulacrum (Zig:27)
  A deep elf knight (Elf:2)
  A pharaoh ant (Zig:12)
  A deep elf archer (Vaults:5)
  3 ironbound convokers (Vaults:5)
  A deep elf pyromancer (Elf:1)
  2 deep elf zephyrmancers
  A torpor snail (Zig:12)
  A naga mage (Snake:4)
  A meliai (Zig:9)
  A shadow dragon simulacrum (Zig:23)
  A culicivora (Zig:9)
  An orc wizard (Orc:2)
  7 demonic plants (Abyss:4)
  4 foxfires (Zig:8)
  3 fungi
  A lurking horror (Abyss:4)
  9 pillars of salt (Orc:2)
  133 plants
  3 starspawn tentacles
  16 tentacles (Shoals:1)
224 creatures vanquished.

Grand Total: 3410 creatures vanquished

Notes
Turn   | Place    | Note
-------+----------+-------------------------------------------
     0 | D:1      | Quercus the Demonspawn Ice Elementalist began the quest for
                  | the Orb.
     0 | D:1      | Reached XP level 1. HP: 13/13 MP: 3/3
   231 | D:1      | Gained mutation: You regenerate a little health from kills.
                  | [demonic ancestry]
   231 | D:1      | Reached XP level 2. HP: 19/19 MP: 5/5
   361 | D:1      | Found a faded altar of an unknown god.
  1080 | D:2      | Learned a level 1 spell: Necrotise
  1305 | D:2      | Gained mutation: Spells you cast may paralyse adjacent
                  | enemies. [demonic ancestry]
  1305 | D:2      | Reached XP level 3. HP: 24/24 MP: 6/6
  1405 | D:2      | Learned a level 3 spell: Frozen Ramparts
  2495 | D:3      | Gained mutation: You are partially covered in large bone
                  | plates. (SH +4) [demonic ancestry]
  2495 | D:3      | Reached XP level 4. HP: 31/31 MP: 5/7
  2546 | D:3      | Reached skill level 1 in Necromancy
  2676 | D:3      | Found a hazy altar of Hepliaklqana.
  3205 | D:4      | Noticed a scorpion
  3464 | D:4      | Reached skill level 1 in Fighting
  3580 | D:4      | Gained mutation: Spells you cast may paralyse nearby
                  | enemies. [demonic ancestry]
  3580 | D:4      | Reached XP level 5. HP: 30/37 MP: 4/9
  3751 | D:4      | Found a runed translucent door.
  3752 | D:4      | Noticed Crazy Yiuf
  4376 | D:5      | Entered Level 5 of the Dungeon
  4466 | D:5      | Reached skill level 3 in Spellcasting
  4600 | D:5      | Noticed Ijyb
  4621 | D:5      | Killed Ijyb
  4622 | D:5      | Gained mutation: You regenerate health from kills. [demonic
                  | ancestry]
  4622 | D:5      | Reached XP level 6. HP: 44/44 MP: 1/10
  4968 | D:5      | Noticed Edmund
  5303 | D:5      | Noticed Blork the orc
  5367 | D:5      | Gained mutation: You regenerate a lot of health from kills.
                  | [demonic ancestry]
  5367 | D:5      | Reached XP level 7. HP: 51/51 MP: 0/12
  5851 | D:5      | Found a staircase to the Ecumenical Temple.
  5856 | Temple   | Entered the Ecumenical Temple
  6116 | Temple   | Became a worshipper of Gozag Ym Sagoz the Greedy
  6400 | D:5      | Learned a level 3 spell: Ozocubu's Armour
  7007 | D:6      | Noticed Sigmund
  7159 | D:6      | Reached skill level 5 in Ice Magic
  7273 | D:6      | Reached skill level 4 in Spellcasting
  7374 | D:6      | Gained mutation: You have a pair of small antennae on your
                  | head. [demonic ancestry]
  7374 | D:6      | Reached XP level 8. HP: 51/58 MP: 4/14
  7621 | D:6      | Noticed Prince Ribbit
  7752 | D:6      | Noticed Menkaure
  7758 | D:6      | Killed Menkaure
  7919 | D:6      | Reached skill level 5 in Necromancy
  8299 | D:7      | Reached skill level 5 in Spellcasting
  8306 | D:7      | Reached skill level 5 in Dodging
  8336 | D:7      | Learned a level 4 spell: Summon Ice Beast
  8439 | D:7      | Gained mutation: You have a pair of antennae on your head.
                  | [demonic ancestry]
  8439 | D:7      | Reached XP level 9. HP: 67/67 MP: 16/16
  8624 | D:7      | Reached skill level 1 in Shields
  8624 | D:7      | Reached skill level 1 in Summonings
  8678 | D:7      | Reached skill level 5 in Fighting
  8799 | D:7      | Noticed Joseph
  8933 | D:7      | Found an iron altar of Okawaru.
  9616 | D:8      | Noticed Amaemon
  9616 | D:8      | Noticed an orange demon
  9642 | D:8      | Killed an orange demon
  9758 | D:8      | Killed Amaemon
  9837 | D:8      | Reached XP level 10. HP: 57/76 MP: 18/18
  9928 | D:8      | Reached skill level 6 in Spellcasting
 10075 | D:8      | Reached skill level 1 in Maces & Flails
 10264 | D:8      | Found Omesil's Weapon Boutique.
 10538 | D:9      | Noticed Grum
 10574 | D:8      | Killed Grum
 10716 | D:9      | Found a flagged portal.
 10728 | Bailey   | Entered a bailey
 10749 | Bailey   | Noticed an orc knight
 10845 | Bailey   | Killed an orc knight
 11338 | D:9      | Found a staircase to the Orcish Mines.
 11517 | D:9      | Paralysed by an orc for 4 turns
 11613 | D:9      | Noticed a two-headed ogre
 11983 | D:9      | Noticed Psyche
 11999 | D:9      | Killed Psyche
 12000 | D:9      | Gained mutation: You are mostly covered in large bone
                  | plates. (SH +6) [demonic ancestry]
 12000 | D:9      | Reached XP level 11. HP: 59/83 MP: 16/21
 12033 | D:9      | Found a runed translucent gate.
 12033 | D:9      | Found a runed translucent gate.
 12034 | D:9      | Found a runed translucent gate.
 12036 | D:9      | Noticed diceflayer's ghost (novice DsHu)
 12036 | D:9      | Noticed octothorp's ghost (novice OpAr)
 12037 | D:9      | Noticed Killmatronix's ghost (novice AtHs)
 12323 | D:9      | Killed a two-headed ogre
 12495 | D:9      | Noticed Pikel
 12507 | D:9      | Killed Pikel
 12510 | D:9      | Reached skill level 5 in Summonings
 12769 | D:7      | Killed Joseph
 12770 | D:7      | Reached skill level 7 in Spellcasting
 12899 | D:4      | Found a runed translucent door.
 13888 | D:5      | Killed Edmund
 13951 | D:5      | Killed Blork the orc
 14094 | D:6      | Killed Sigmund
 14166 | D:6      | Killed Prince Ribbit
 14319 | D:10     | Entered Level 10 of the Dungeon
 14507 | D:10     | Noticed a two-headed ogre
 14515 | D:10     | Killed a two-headed ogre
 15423 | D:11     | Found a staircase to the Lair.
 15434 | D:11     | Reached skill level 5 in Shields
 15564 | D:11     | Identified the +8 falchion "Vuduh" {pain, Will+ rCorr}
 15779 | D:11     | Identified the +1 falchion "Fihatesch" {heavy, Str+2 Dex+3}
 15864 | D:11     | Noticed a boulder beetle
 15892 | D:11     | Noticed Erica
 16226 | Lair:1   | Entered Level 1 of the Lair of Beasts
 16582 | Lair:1   | Found a hide-covered altar of Uskayaw.
 17180 | Lair:2   | Reached XP level 12. HP: 79/92 MP: 18/23
 17397 | Lair:2   | Reached skill level 8 in Spellcasting
 17416 | Lair:2   | Reached skill level 5 in Maces & Flails
 17718 | Lair:2   | Found a staircase to the Snake Pit.
 18013 | Lair:3   | Found a staircase to the Shoals.
 18068 | Lair:3   | Reached skill level 1 in Long Blades
 18562 | Lair:3   | Noticed a five-headed hydra
 18573 | Lair:3   | Killed a five-headed hydra
 19057 | Lair:4   | Noticed a five-headed hydra
 19075 | Lair:4   | Killed a five-headed hydra
 19085 | Lair:4   | Identified the +4 long sword of Impermanence {antimagic,
                  | Int+6}
 19254 | Lair:4   | Reached XP level 13. HP: 54/100 MP: 23/25
 19920 | Lair:5   | Entered Level 5 of the Lair of Beasts
 19920 | Lair:5   | Found a viscous altar of Jiyva.
 19920 | Lair:5   | Found a staircase to the Slime Pits.
 20094 | Lair:5   | Reached skill level 10 in Necromancy
 20513 | Lair:5   | Reached skill level 9 in Spellcasting
 21109 | Lair:5   | Learned a level 1 spell: Sandblast
 21455 | Shoals:1 | Entered Level 1 of the Shoals
 21841 | Shoals:1 | Reached skill level 1 in Earth Magic
 22466 | Shoals:1 | Reached XP level 14. HP: 106/109 MP: 25/27
 22482 | Shoals:1 | Noticed Louise
 22979 | Shoals:1 | Reached skill level 10 in Ice Magic
 23110 | Shoals:1 | Noticed a kraken
 23517 | Shoals:1 | Killed Louise
 23682 | Shoals:1 | Noticed Kirke
 23697 | Shoals:1 | Killed Kirke
 23698 | Shoals:1 | Reached skill level 10 in Fighting
 23760 | Shoals:1 | You are sucked into a shaft and drop 1 floor!
 24221 | Shoals:2 | Found Vusom's Magic Scroll Shop.
 24230 | Shoals:2 | Bought a scroll of magic mapping for 135 gold pieces
 24347 | Shoals:1 | Reached skill level 5 in Long Blades
 26752 | Shoals:2 | Learned a level 5 spell: Borgnjor's Vile Clutch
 28192 | Shoals:2 | Reached skill level 10 in Spellcasting
 28830 | Orc:1    | Entered Level 1 of the Orcish Mines
 28832 | Orc:1    | Noticed Erolcha
 28911 | Orc:1    | Killed Erolcha
 29005 | Orc:1    | Learned a level 2 spell: Passwall
 29009 | Orc:1    | Learned a level 3 spell: Stone Arrow
 29086 | Orc:1    | Noticed a tentacled starspawn
 29101 | Orc:1    | Found a transporter.
 29110 | Orc:1    | Found a transporter.
 29147 | Orc:1    | Found a sparkling altar of Nemelex Xobeh.
 29147 | Orc:1    | Found a transporter.
 29154 | Orc:1    | Found a transporter.
 29156 | Orc:1    | Found a transporter.
 29159 | Orc:1    | Found a transporter.
 29164 | Orc:1    | Noticed a juggernaut
 29172 | Orc:1    | Found a transporter.
 29176 | Orc:1    | Found a transporter.
 29264 | Orc:1    | Noticed Jorgrun
 29275 | Orc:1    | Killed Jorgrun
 29276 | Orc:1    | Reached skill level 1 in Armour
 29276 | Orc:1    | Reached skill level 1 in Conjurations
 29276 | Orc:1    | Gained mutation: You have a pair of large antennae on your
                  | head. (SInv) [demonic ancestry]
 29276 | Orc:1    | Reached XP level 15. HP: 117/117 MP: 16/29
 29660 | Orc:1    | Noticed Gyhakk's ghost (journeyman OpTm)
 29875 | Orc:2    | Entered Level 2 of the Orcish Mines
 30400 | Orc:2    | Found a staircase to the Elven Halls.
 30504 | Orc:2    | Paralysed by an orc sorcerer for 3 turns
 31340 | Orc:2    | Found Asabboat's Weapon Shoppe.
 31784 | Orc:2    | Found Asabboat's Weapon Shoppe.
 31792 | Orc:2    | Found Zotius's Jewellery Shoppe.
 31794 | Orc:2    | Found Orevi's Weapon Shoppe.
 31830 | Orc:2    | Bought a ring of poison resistance for 320 gold pieces
 31830 | Orc:2    | Bought a +6 ring of intelligence for 576 gold pieces
 31866 | Orc:2    | Found Ijuyrut's Assorted Antiques.
 31872 | Orc:2    | Bought a scroll of enchant armour for 150 gold pieces
 32527 | Snake:1  | Entered Level 1 of the Snake Pit
 33527 | Snake:1  | Noticed Mlioglotl
 33547 | Snake:1  | You are sucked into a shaft and drop 1 floor!
 33554 | Snake:2  | Found Sybeir's Book Boutique.
 33586 | Snake:2  | Found Ocvoqame's Antique Armour Boutique.
 33591 | Snake:2  | Reached skill level 5 in Earth Magic
 33657 | Snake:2  | Found Irum's Antique Weapon Shoppe.
 33663 | Snake:2  | Found a flickering gateway to a bazaar.
 33683 | Bazaar   | Entered a bazaar
 33683 | Bazaar   | Found Ogagoulu's Armour Emporium.
 33707 | Bazaar   | Found Sapporr's Antique Armour Emporium.
 33713 | Bazaar   | Found Onnaum's Jewellery Boutique.
 33724 | Bazaar   | Found Detsofecli's Distillery.
 33752 | Bazaar   | Bought a pair of glowing boots for 180 gold pieces
 33752 | Bazaar   | Bought a pair of runed boots for 180 gold pieces
 33764 | Bazaar   | Bought the ring "Reogeqyl" {Wiz rC+ SInv} for 578 gold
                  | pieces
 33779 | Bazaar   | Bought a potion of brilliance for 36 gold pieces
 33877 | Snake:2  | Found Guagea's Magic Scroll Shop.
 34376 | Snake:2  | Bought a book of Frost for 280 gold pieces
 34380 | Snake:2  | Learned a level 3 spell: Hailstorm
 35117 | Snake:3  | Noticed a nagaraja
 35117 | Snake:3  | Noticed Bai Suzhen
 35256 | Snake:3  | Found Liohotuh's Antique Weapon Boutique.
 36527 | Shoals:3 | Found Sumotz's Armour Shoppe.
 36699 | Shoals:3 | Reached XP level 16. HP: 125/125 MP: 18/30
 38592 | Shoals:4 | Entered Level 4 of the Shoals
 38780 | Shoals:4 | Reached skill level 11 in Spellcasting
 39052 | Shoals:4 | Identified the +3 plate armour of the Evil One {Int+5}
 39546 | Shoals:3 | Bought the +3 warlock's mirror {omnireflect} for 840 gold
                  | pieces
 39546 | Shoals:3 | Found the +3 warlock's mirror {omnireflect}
 39611 | Shoals:4 | Reached skill level 5 in Conjurations
 39795 | Shoals:4 | Reached skill level 1 in Evocations
 39964 | Shoals:4 | Noticed Ilsuiw
 40520 | Shoals:4 | Killed Ilsuiw
 41641 | Shoals:4 | Learned a level 4 spell: Iskenderun's Mystic Blast
 42118 | Shoals:4 | Got a barnacled rune of Zot
 43501 | Snake:3  | Noticed Agnes
 43507 | Snake:3  | Killed Agnes
 43717 | Snake:3  | Noticed Aizul
 43733 | Snake:3  | Killed Aizul
 44104 | Snake:3  | Bought a scorched falchion for 208 gold pieces
 44104 | Snake:3  | Identified the +2 falchion "Nisuna" {speed, Dex+3 Stlth+}
                  | (You bought it in a shop on level 3 of the Snake Pit)
 44215 | Snake:4  | Entered Level 4 of the Snake Pit
 44267 | Snake:4  | Found the brooch of Shielding {Spirit SH+8}
 44610 | Snake:4  | Got Sif Muna's Annotations on Decaying Transmutation
 45157 | Snake:4  | Gained mutation: You are completely covered in large bone
                  | plates. (SH +8) [demonic ancestry]
 45157 | Snake:4  | Reached XP level 17. HP: 84/133 MP: 24/32
 46535 | Snake:4  | Noticed a quicksilver dragon
 46568 | Snake:4  | Killed a quicksilver dragon
 46608 | Snake:4  | Got a serpentine rune of Zot
 46717 | Snake:4  | Noticed a quicksilver dragon
 46725 | Snake:4  | Killed a quicksilver dragon
 46726 | Snake:4  | Reached skill level 10 in Summonings
 47445 | Snake:3  | Killed Bai Suzhen
 47446 | Snake:3  | Reached skill level 5 in Evocations
 48059 | Elf:1    | Entered Level 1 of the Elven Halls
 48121 | Elf:1    | Reached skill level 12 in Spellcasting
 48280 | Elf:1    | Found Faesutzo's Antique Armour Emporium.
 48484 | Elf:1    | Paralysed by an air elemental for 1 turns
 48486 | Elf:1    | Paralysed by an air elemental for 1 turns
 48597 | Elf:1    | Noticed a Hell Sentinel
 48862 | Elf:1    | Learned a level 7 spell: Haunt
 48891 | Elf:1    | Got the Quarto of Impulse
 49759 | Elf:2    | Found a runed translucent gate.
 49759 | Elf:2    | Found a runed translucent gate.
 49759 | Elf:2    | Found a runed translucent gate.
 50056 | Elf:2    | Gained mutation: Spells you cast and wands you use may
                  | paralyse nearby enemies. [demonic ancestry]
 50056 | Elf:2    | Reached XP level 18. HP: 64/143 MP: 18/34
 50312 | Elf:2    | Found Luxang's Armour Boutique.
 50794 | Elf:3    | Entered Level 3 of the Elven Halls
 50794 | Elf:3    | Found an ancient bone altar of Kikubaaqudgha.
 50983 | Elf:3    | Found Henkyf's Armour Shoppe.
 51815 | Elf:3    | Found Yvynevips's Book Emporium.
 51815 | Elf:3    | Found Useked's Jewellery Shop.
 51816 | Elf:3    | Found Lorghosm's Jewellery Shop.
 53370 | Elf:3    | Identified a scroll of acquirement
 53371 | Elf:3    | Acquired 712 gold pieces
 53394 | Elf:3    | Bought the amulet of Vitality {RegenMP++ Regen++} for 1600
                  | gold pieces
 53394 | Elf:3    | Found the amulet of Vitality {RegenMP++ Regen++}
 53606 | Elf:3    | Identified the ring "Jinnih" {Wiz Int+2}
 53670 | Elf:3    | Got Asoxot's Excursus on Immolation and Hurting
 53873 | Elf:3    | Got the Verses on Changing Bewitchment
 54249 | D:11     | Killed Erica
 54351 | D:12     | Found a large runed translucent door.
 54351 | D:12     | Found a large runed translucent door.
 54353 | D:12     | Noticed Fartwhistle's ghost (journeyman GnHu)
 55418 | D:12     | Learned a level 4 spell: Dispel Undead
 55435 | D:12     | Killed Fartwhistle's ghost
 55552 | D:13     | Noticed Rupert
 55561 | D:13     | Killed Rupert
 55670 | D:13     | Found a gate to the Vaults.
 56195 | D:14     | Found a runed translucent gate.
 56195 | D:14     | Found a runed translucent gate.
 56195 | D:14     | Found a runed translucent gate.
 56205 | D:13     | Reached skill level 15 in Necromancy
 56425 | D:14     | Identified the +0 plate armour "Lexu" {Will+ Int+2 Stlth-}
 56439 | D:14     | Found the +6 arbalest "Damnation" {damnation}
 56494 | D:14     | Reached skill level 13 in Spellcasting
 56910 | D:15     | Entered Level 15 of the Dungeon
 56957 | D:15     | Reached XP level 19. HP: 151/151 MP: 29/36
 57086 | D:15     | Reached skill level 1 in Ranged Weapons
 57317 | D:15     | Found a staircase to the Depths.
 57512 | D:15     | Found a shadowy altar of Dithmenos.
 57927 | Vaults:1 | Entered Level 1 of the Vaults
 58220 | Vaults:1 | Reached skill level 1 in Transmutations
 59293 | Vaults:1 | Reached skill level 5 in Ranged Weapons
 59484 | Vaults:1 | Identified the +5 kite shield of Sosuper {Fly rElec rCorr
                  | Int-5}
 59484 | Vaults:1 | Noticed Asterion
 59492 | Vaults:1 | Killed Asterion
 60368 | Vaults:2 | Reached skill level 5 in Transmutations
 60463 | Vaults:2 | Gained mutation: Your magical and physical power is
                  | slightly enhanced at high health. [demonic ancestry]
 60463 | Vaults:2 | Reached XP level 20. HP: 160/160 MP: 9/37
 62018 | Vaults:3 | Reached skill level 14 in Spellcasting
 62595 | Vaults:3 | Reached skill level 15 in Fighting
 62620 | Vaults:3 | Found a staircase to the Crypt.
 64107 | Vaults:4 | Found Ditaghiz's Magic Scroll Shop.
 64112 | Vaults:4 | Bought a scroll of blinking for 112 gold pieces
 65288 | D:9      | Killed diceflayer's ghost
 65295 | D:9      | Killed Killmatronix's ghost
 65325 | D:9      | Killed octothorp's ghost
 65642 | D:14     | Found a runed translucent gate.
 65642 | D:14     | Found a runed translucent gate.
 65648 | D:14     | Noticed Termiter's ghost (journeyman DsNe)
 65650 | D:14     | Found a runed translucent gate.
 65832 | Orc:1    | Found a one-way gate to the infinite horrors of the Abyss.
 65944 | Orc:1    | Identified the amulet "Adoogg" {Regen+ Int+2}
 65953 | Orc:1    | Killed Gyhakk's ghost
 66113 | Elf:3    | Bought a Necronomicon for 1120 gold pieces
 66390 | Snake:2  | Bought a scroll of amnesia for 76 gold pieces
 66390 | Snake:2  | Bought a scroll of amnesia for 76 gold pieces
 66401 | Snake:2  | Learned a level 8 spell: Infestation
 67094 | Snake:1  | Killed Mlioglotl
 67371 | Depths:1 | Entered Level 1 of the Depths
 67429 | Depths:1 | Reached XP level 21. HP: 151/169 MP: 25/39
 67430 | Depths:1 | Noticed Mara
 67431 | Depths:1 | Noticed Mara
 67434 | Depths:1 | Noticed Mara
 67447 | Depths:1 | Noticed Quercus's illusion
 67450 | Depths:1 | Killed Mara
 67499 | Depths:1 | Reached skill level 10 in Ranged Weapons
 67551 | Depths:1 | Noticed frimble's ghost (adept DsGl)
 67553 | Depths:1 | Found a transporter.
 67558 | Depths:1 | Found a bloodstained altar of Trog.
 67558 | Depths:1 | Noticed a juggernaut
 67637 | Depths:1 | Found Dydik's Vocational Training.
 67833 | Depths:1 | Noticed a juggernaut
 67848 | Depths:1 | Found a transporter.
 68008 | Depths:1 | Found a gateway to Hell.
 68161 | Depths:2 | Noticed Vv
 68422 | Depths:2 | Reached skill level 10 in Transmutations
 68860 | Depths:2 | Found a one-way gateway to a ziggurat.
 69086 | Depths:2 | Noticed the Enchantress
 69106 | Depths:2 | Killed the Enchantress
 69205 | Depths:2 | Found a one-way gate leading to the halls of Pandemonium.
 69329 | Depths:2 | Killed Vv
 69330 | Depths:2 | Reached skill level 15 in Spellcasting
 69872 | Depths:3 | Identified the +0 crystal plate armour of the Miller {Str+7
                  | Slay-4 SInv}
 70297 | Depths:3 | Reached XP level 22. HP: 178/178 MP: 31/41
 70362 | Depths:3 | Found a portal to a secret trove of treasure.
 70399 | Depths:3 | You paid a toll of 12 scrolls of teleportation to enter a
                  | treasure trove
 70400 | Trove    | Entered a treasure trove
 70436 | Trove    | Identified the ring of Ticomeir {rElec Dex+6}
 70438 | Trove    | Identified the ring of Sunlight {rF+ rC+ MP+9 Dex+4}
 70442 | Trove    | Identified the ring "Vuon Osa" {Fly Will+ Str+3}
 70446 | Trove    | Identified the ring "Jithuq" {rF- rC+ Will+ Str+3}
 70544 | Depths:3 | Found a stormy altar of Qazlal.
 71051 | Depths:4 | Entered Level 4 of the Depths
 71139 | Depths:4 | Noticed Margery
 71200 | Depths:3 | Learned a level 8 spell: Necromutation
 71567 | Crypt:1  | Entered Level 1 of the Crypt
 72660 | Crypt:2  | Noticed a royal mummy
 72661 | Crypt:2  | Noticed a royal mummy
 72681 | Crypt:2  | Noticed Khufu
 72685 | Crypt:2  | Killed a royal mummy
 72686 | Crypt:2  | Killed a royal mummy
 72690 | Crypt:2  | Killed Khufu
 73853 | Crypt:3  | Entered Level 3 of the Crypt
 74095 | Crypt:3  | Found a staircase to the Tomb.
 74554 | Crypt:3  | Found an ancient bone altar of Kikubaaqudgha.
 74559 | Crypt:3  | Found a basalt altar of Yredelemnul.
 74612 | Crypt:3  | Got Kikubaaqudgha's Quarto of Shadows
 75022 | Crypt:3  | Found the +2 Maxwell's thermic engine {flame, freeze, rev}
 75028 | Crypt:3  | Identified the amulet "Weamm" {Acrobat Harm +Inv rN+ Str+3}
 75602 | Depths:3 | Gained mutation: Your magical and physical power is
                  | enhanced at high health. [demonic ancestry]
 75602 | Depths:3 | Reached XP level 23. HP: 156/174 MP: 9/42
 75663 | Depths:4 | Reached skill level 16 in Spellcasting
 75793 | Depths:4 | Killed Margery
 75937 | Depths:4 | Identified the +2 leather armour of the Louse {rF++ Will++}
 76142 | Depths:4 | Found a gate to the Realm of Zot.
 77061 | Tomb:1   | Entered Level 1 of the Tomb of the Ancients
 77220 | Tomb:1   | Noticed a royal mummy
 77226 | Tomb:1   | Killed a royal mummy
 77360 | Tomb:1   | Noticed a royal mummy
 77375 | Tomb:1   | Killed a royal mummy
 77375 | Tomb:1   | Noticed a royal mummy
 77380 | Tomb:1   | Killed a royal mummy
 79047 | Slime:1  | Entered Level 1 of the Pits of Slime
 79583 | Slime:5  | Entered Level 5 of the Pits of Slime
 79584 | Slime:5  | Noticed Dissolution
 79600 | Slime:5  | Paralysed by a floating eye for 3 turns
 79737 | Lair:5   | Learned a level 4 spell: Anguish
 80126 | Vaults:5 | Entered Level 5 of the Vaults
 80135 | Vaults:5 | Reached skill level 10 in Long Blades
 80153 | Vaults:5 | Reached skill level 17 in Spellcasting
 80155 | Vaults:5 | Reached XP level 24. HP: 198/198 MP: 32/44
 80183 | Vaults:5 | Noticed a dread lich
 80186 | Vaults:5 | Noticed an ancient lich
 80187 | Vaults:5 | Killed a dread lich
 80191 | Vaults:5 | Killed an ancient lich
 80202 | Vaults:5 | Noticed a dread lich
 80203 | Vaults:5 | Noticed an ancient lich
 80228 | Vaults:5 | Killed an ancient lich
 80230 | Vaults:5 | Killed a dread lich
 80237 | Vaults:5 | Identified the +4 ring mail "Seosm" {Dex+2}
 80240 | Vaults:5 | Identified the +10 flail of Hospitality {antimagic,
                  | *Corrode rF++ Str+6}
 80243 | Vaults:5 | Noticed a dread lich
 80257 | Vaults:5 | Killed a dread lich
 80315 | Vaults:5 | Noticed an ancient lich
 80324 | Vaults:5 | Killed an ancient lich
 80454 | Vaults:5 | Identified the ring "Roisopp" {rN+ Will+}
 80516 | Vaults:5 | Identified the amulet of Virtue {rElec Regen+ Int+4 Stlth-}
 80535 | Vaults:5 | Got a silver rune of Zot
 80619 | Vaults:5 | Identified the +7 chain mail of the Trombone {Int+2}
 81354 | Vaults:5 | Reached skill level 18 in Spellcasting
 81510 | Vaults:5 | Found Hynathre's Jewellery Shoppe.
 81591 | Vaults:5 | Identified the +5 hand axe of Cataclysm {elec, Contam rCorr
                  | Dex-5 Stlth+}
 82059 | Orc:1    | Killed a juggernaut
 82238 | Elf:3    | Bought a Trismegistus Codex for 520 gold pieces
 82242 | Elf:3    | Learned a level 3 spell: Ignite Poison
 82399 | Elf:2    | Reached skill level 1 in Poison Magic
 82403 | Elf:2    | Reached skill level 1 in Fire Magic
 82459 | Elf:2    | Gained mutation: Your magical and physical power is greatly
                  | enhanced at high health. [demonic ancestry]
 82459 | Elf:2    | Reached XP level 25. HP: 180/208 MP: 33/45
 82971 | D:4      | Killed Crazy Yiuf
 83219 | D:14     | Killed Termiter's ghost
 83261 | D:14     | Learned a level 1 spell: Apportation
 83841 | Snake:2  | Bought a scroll of immolation for 76 gold pieces
 84788 | Shoals:2 | Bought a scroll of identify for 36 gold pieces
 84788 | Shoals:2 | Bought a scroll of amnesia for 72 gold pieces
 84788 | Shoals:2 | Bought a scroll of teleportation for 54 gold pieces
 84788 | Shoals:2 | Bought a scroll of summoning for 171 gold pieces
 86699 | Zot:1    | Entered Level 1 of the Realm of Zot
 87096 | Snake:2  | Bought a book of Vapours for 364 gold pieces
 87500 | Zig:1    | Entered Level 1 of a ziggurat
 87529 | Zig:2    | Entered Level 2 of a ziggurat
 87664 | Zig:3    | Entered Level 3 of a ziggurat
 87738 | Zig:4    | Entered Level 4 of a ziggurat
 87743 | Zig:4    | Got the Vellum of Torrid Effluvium
 87960 | Zig:4    | Identified the +0 robe "Ygiroav" {rF+ rC+ Dex-3 SInv}
 87962 | Zig:4    | Identified the +2 cloak of Lamiomaof {rElec}
 87985 | Zig:5    | Entered Level 5 of a ziggurat
 87988 | Zig:5    | Noticed Boruxt the pandemonium lord
 87995 | Zig:5    | Killed Boruxt the pandemonium lord
 88008 | Zig:5    | Identified the ring "Ydam" {+Blink rF- Int+2 Dex+3 SInv}
 88012 | Zig:5    | Got the Book of Enchanted Direction
 88037 | Zig:5    | Learned a level 4 spell: Olgreb's Toxic Radiance
 88363 | Zig:6    | Entered Level 6 of a ziggurat
 88528 | Zig:6    | Identified the +4 falchion of Exoneration {spect, rElec
                  | rCorr Dex-2 Stlth+}
 88531 | Zig:6    | Identified the +8 scale mail of the Hot Ocelot {-Cast
                  | Str+4}
 88542 | Zig:6    | Reached XP level 26. HP: 217/217 MP: 45/45
 88561 | Zig:7    | Entered Level 7 of a ziggurat
 88565 | Zig:7    | Found the +7 Kryia's mail coat {PotionHeal*2 rC+}
 88567 | Zig:7    | Noticed a dread lich
 88576 | Zig:7    | Killed a dread lich
 88842 | Zig:8    | Entered Level 8 of a ziggurat
 88855 | Zig:8    | Identified the +7 rapier of Wutoti {flame, rPois Str+3}
 88856 | Zig:8    | Identified the +3 scale mail "Baqafep" {rC+ Int+4}
 88874 | Zig:8    | Reached skill level 5 in Fire Magic
 89143 | Zig:9    | Entered Level 9 of a ziggurat
 89332 | Zig:9    | Identified the +4 pair of boots "Qibifapt" {Str+4 Slay+2}
 89350 | Zig:9    | Identified the staff of air "Qemiqac" {Fly rElec rC+
                  | Stlth+}
 89352 | Zig:9    | Identified the +7 short sword of the Blessed Realm {flame,
                  | Str-3 Int+3 SInv}
 89357 | Zig:9    | Reached XP level 27. HP: 223/223 MP: 45/45
 89375 | Zig:10   | Entered Level 10 of a ziggurat
 89384 | Zig:10   | Noticed Guolatt the pandemonium lord
 89406 | Zig:10   | Killed Guolatt the pandemonium lord
 89569 | Zig:11   | Entered Level 11 of a ziggurat
 89577 | Zig:11   | Found the +8 autumn katana {manifold assault}
 89588 | Zig:11   | Reached skill level 10 in Fire Magic
 89845 | Zig:11   | Identified the +1 flail of Calamity {elec, Fly Int+3}
 89883 | Zig:11   | Learned a level 4 spell: Manifold Assault
 89883 | Zig:11   | Identified the +0 robe of the Lich-sworn {Harm *Slow Int-4
                  | Dex+6}
 89906 | Zig:12   | Entered Level 12 of a ziggurat
 89930 | Zig:12   | Reached skill level 1 in Translocations
 90011 | Zig:12   | Identified the +9 mace "Sajuqu" {flame, Str+3 Int+3}
 90078 | Zig:13   | Entered Level 13 of a ziggurat
 90165 | Zig:13   | Found the +10 dark maul {heavy}
 90184 | Zig:13   | Identified the +7 flail "Nicaesao" {heavy, *Noise rCorr
                  | Str+5 SInv}
 90186 | Zig:13   | Got the Reference Book on Fuming Immolation
 90217 | Zig:13   | Learned a level 2 spell: Blink
 90225 | Zig:14   | Entered Level 14 of a ziggurat
 90236 | Zig:14   | Noticed a royal mummy
 90238 | Zig:14   | Noticed a royal mummy
 90250 | Zig:14   | Killed a royal mummy
 90259 | Zig:14   | Killed a royal mummy
 90262 | Zig:14   | Reached skill level 19 in Spellcasting
 90265 | Zig:14   | Noticed a royal mummy
 90266 | Zig:14   | Noticed a royal mummy
 90484 | Zig:14   | Identified the staff of fire "Ypeom" {rF+ Stlth+}
 90500 | Zig:14   | Identified the ring of Mismebb {Drain rElec MP+9 EV+5
                  | Int+3}
 90577 | Zig:15   | Entered Level 15 of a ziggurat
 90872 | Zig:15   | Found the +8 demon trident "Rift" {distort, reach+}
 90880 | Zig:15   | Reached skill level 5 in Translocations
 91040 | Zig:15   | Got Cuijal's Directory of the Virulent Missiles
 91051 | Zig:15   | Identified the +6 spear "Docheb" {pain, rF+}
 91055 | Zig:15   | Identified the +3 whip of Fiyj {heavy, rCorr}
 91059 | Zig:15   | Identified the staff of cold "Buuskiuk" {rElec rC+}
 91061 | Zig:15   | Identified the +1 falchion of Sipatef {venom, rElec rPois
                  | Int+5}
 91180 | Zig:16   | Entered Level 16 of a ziggurat
 91196 | Zig:16   | Paralysed by a wendigo for 1 turns
 91201 | Zig:16   | Paralysed by a wendigo for 1 turns
 91224 | Zig:16   | Paralysed by a wendigo for 1 turns
 91243 | Zig:16   | Paralysed by a wendigo for 1 turns
 91382 | Zig:16   | Identified the +2 sling of Mukuq {heavy, rF+}
 91386 | Zig:16   | Identified the +0 ring mail of Chimes {rPois rC+ Int-4}
 91395 | Zig:16   | Identified the ring "Roloobi" {rN+ rCorr Str+3}
 91487 | Zig:16   | Learned a level 8 spell: Ignition
 91514 | Zig:17   | Entered Level 17 of a ziggurat
 91557 | Zig:17   | Identified the staff of cold "Plog" {rF++ rC+ rN+ Will+}
 91568 | Zig:17   | Identified the +0 robe of Kikubaaqudgha's Whim {Will+}
 91569 | Zig:17   | Identified the ring "Tetuomun" {rC+ AC+4 Int+2 Stlth+}
 91727 | Zig:18   | Entered Level 18 of a ziggurat
 91747 | Zig:18   | Reached skill level 15 in Fire Magic
 91968 | Zig:18   | Got the Omnibus of the Lithic Dead
 91971 | Zig:18   | Identified the ring of Fauris {rF+ rN++}
 91978 | Zig:18   | Identified the +1 great sword of Massacring {speed, Fragile
                  | rF+ Dex+8 Stlth+}
 91981 | Zig:18   | Identified the ring "Qouxkar" {rC+ Slay+3}
 91986 | Zig:18   | Identified the staff of conjuration "Vikok Fyecou" {rPois
                  | Str+3 Dex-4}
 92069 | Zig:19   | Entered Level 19 of a ziggurat
 92092 | Zig:19   | Noticed Zypedd the pandemonium lord
 92102 | Zig:19   | Reached skill level 20 in Spellcasting
 92105 | Zig:20   | Entered Level 20 of a ziggurat
 92159 | Zig:20   | Noticed an ancient lich
 92190 | Zig:20   | Killed an ancient lich
 92354 | Zig:20   | Identified the +3 plate armour of Mental Paralysis {SInv}
 92355 | Zig:20   | Identified the ring of Hiadeob {Contam rN+ rCorr Str+2
                  | Dex+8}
 92365 | Zig:20   | Identified the +0 scale mail of Shielding {Will+}
 92374 | Zig:20   | Identified the +3 scimitar "Ronu" {freeze, rF++}
 92401 | Zig:20   | Reached skill level 21 in Spellcasting
 92411 | Zig:20   | Got Sif Muna's Compendium of Volatile Orogeny
 92430 | Zig:21   | Entered Level 21 of a ziggurat
 92842 | Zig:21   | Got the Octavo of Reconstruction and Austromancy
 93049 | Zig:22   | Entered Level 22 of a ziggurat
 93067 | Zig:22   | Reached skill level 1 in Air Magic
 93074 | Zig:22   | Reached skill level 5 in Air Magic
 93342 | Zig:22   | Identified the staff of air "Weudd" {rElec rC- Str+4}
 93347 | Zig:22   | Identified the +0 robe of Objectivity {Slay+6}
 93348 | Zig:22   | Identified the +1 robe of Exclusion {rN+}
 93349 | Zig:22   | Identified the staff of cold "Netin" {Drain Fragile rC+
                  | Will+ Dex+6}
 93358 | Zig:22   | Reached skill level 10 in Conjurations
 93372 | Zig:22   | Identified the +2 ring mail "Viluud" {+Blink rF+ rC- rN++}
 93469 | Zig:23   | Entered Level 23 of a ziggurat
 93481 | Zig:23   | Noticed a dread lich
 93487 | Zig:23   | Paralysed by a wendigo for 1 turns
 93489 | Zig:23   | Killed a dread lich
 93537 | Zig:23   | Got the Teachings on the Glacier
 93556 | Zig:23   | Identified the ring of Giam {rF+ rC+ Str+4}
 93560 | Zig:23   | Identified the +2 scale mail of Dyod Wun {Drain Will+
                  | Int+2}
 93764 | Zig:23   | Reached skill level 22 in Spellcasting
 93764 | Zig:23   | Reached skill level 10 in Air Magic
 93768 | Zig:23   | Identified the ring of the Fifty Continents {rPois Int+2
                  | Dex+6 Slay+2}
 93771 | Zig:23   | Identified the +10 eveningstar of Analysis {heavy, rElec
                  | rC+++ Will- MP+9}
 93772 | Zig:23   | Identified the staff of poison "Iheavvav" {rPois rF- Will++
                  | rCorr Int-5}
 93799 | Zig:24   | Entered Level 24 of a ziggurat
 93815 | Zig:24   | Noticed a dread lich
 93821 | Zig:24   | Noticed a dread lich
 93822 | Zig:24   | Reached skill level 15 in Ranged Weapons
 93825 | Zig:24   | Killed a dread lich
 93826 | Zig:24   | Noticed an ancient lich
 93833 | Zig:24   | Killed an ancient lich
 93838 | Zig:24   | Killed a dread lich
 94132 | Zig:24   | Identified the +0 chain mail of Fun {Int+3}
 94201 | Zig:24   | Identified the +9 broad axe of Guhig {heavy, Str+5}
 94210 | Zig:24   | Identified the +11 mace of the Wilderness {freeze, +Blink}
 94226 | Zig:25   | Entered Level 25 of a ziggurat
 94246 | Zig:25   | Reached skill level 10 in Earth Magic
 94263 | Zig:25   | Found the +4 moon troll leather armour {Spirit, Regen++
                  | MP+5}
 94515 | Zig:25   | Identified the +3 falchion of the Goat {flame, rCorr Str+3
                  | Dex+3}
 94516 | Zig:25   | Identified the +1 ring mail of the Weaver {Int+2}
 94530 | Zig:25   | Identified the ring of Muostiv {Fly rElec Will- rCorr
                  | Slay+4}
 94532 | Zig:25   | Got the Precepts of Coarse Transition
 94551 | Zig:25   | Identified the +1 flail "Orb Guardian's Doom" {freeze,
                  | *Noise rPois rF+ Str+3}
 94561 | Zig:25   | Identified the orb of the Equator {*channel, Int+2}
 94569 | Zig:25   | Got the Folio of Conjury
 94819 | Zig:26   | Entered Level 26 of a ziggurat
 94858 | Zig:26   | Reached skill level 23 in Spellcasting
 94898 | Zig:26   | Found the +4 consecrated labrys {holy, Valiant Fragile Fly
                  | SInv}
 94898 | Zig:26   | Found the ring of Shadows {Umbra +Inv Stlth+}
 95019 | Zig:26   | Identified the +9 trident of Taesh {spect, rF+ Str+4 Dex+2}
 95024 | Zig:26   | Identified the staff of death "Exeaghil" {rC++ rN+}
 95026 | Zig:26   | Identified the staff of fire "Olos" {+Blink rElec rF+
                  | rCorr}
 95031 | Zig:26   | Identified the staff of earth "Unuemasu" {rN+}
 95053 | Zig:26   | Identified the ring "Pyil" {Fire *Corrode rElec rN+}
 95058 | Zig:26   | Identified the +1 pair of boots of Hospitality {Int+5}
 95324 | Zig:27   | Entered Level 27 of a ziggurat
 95352 | Zig:27   | Paralysed by a wendigo for 1 turns
 95379 | Zig:27   | Identified the +1 short sword of Abomination {heavy, rF-
                  | rN+ Will+ Int+4}
 95416 | Zig:27   | Identified the +0 plate armour of the Cricket {rC+ Str+10
                  | Int-4 Dex-2}
 95427 | Zig:27   | Identified the +2 pair of boots "Wanwin" {rElec rPois rCorr
                  | Slay-2}
 96210 | Slime:4  | Learned a level 6 spell: Iron Shot
 96229 | Slime:4  | Killed Dissolution
 96394 | Slime:5  | Noticed the Royal Jelly
 96400 | Slime:5  | Killed the Royal Jelly
 96416 | Slime:5  | Reached skill level 24 in Spellcasting
 96603 | Slime:5  | Identified the amulet "Xosusm" {RegenMP rPois rCorr Str-5
                  | Dex+3}
 96606 | Slime:5  | Identified the ring of Vasmeutwud {rPois rC+ Str+2}
 96623 | Slime:5  | Identified the +1 troll leather armour of Gallantry {rC+++
                  | Regen+ rCorr Str-5 Dex+6}
 96650 | Slime:5  | Identified the +7 shortbow of Ligeyps {heavy, Int+4 SInv}
 96656 | Slime:5  | Identified the +5 mace "Vaphacke" {freeze, rElec rN+ Dex+3}
 96735 | Slime:5  | Identified the +6 halberd of Ymiwk {flame, Int+4}
 96749 | Slime:5  | Identified the +6 shortbow "Enul" {flame, Str+6 Int-5
                  | Dex+3}
 96768 | Slime:5  | Got a slimy rune of Zot
 97290 | Lair:5   | Learned a level 7 spell: Spellforged Servitor
 98331 | Zot:1    | Identified the +1 sling "Loigow" {speed, rC+ rN+ Int+2}
100034 | Zot:3    | Identified the +9 lajatang of Vuopteil {freeze, rElec Will+
                  | Str+3}
101136 | Zot:4    | Reached skill level 15 in Earth Magic
101499 | Depths:3 | Voluntarily entered the Abyss.
101612 | Abyss:4  | Learned a level 1 spell: Apportation
101738 | Abyss:4  | Got an abyssal rune of Zot
101762 | Depths:3 | Escaped the Abyss
101933 | Zot:5    | Entered Level 5 of the Realm of Zot
102566 | Zot:5    | Noticed an ancient lich
102575 | Zot:5    | Killed an ancient lich
102640 | Zot:5    | Noticed an orb of fire
102648 | Zot:5    | Reached skill level 25 in Spellcasting
102648 | Zot:5    | Noticed an ancient lich
102648 | Zot:5    | Noticed an orb of fire
102662 | Zot:5    | Killed an ancient lich
102664 | Zot:5    | Noticed a dread lich
102665 | Zot:5    | Killed a dread lich
102665 | Zot:5    | Killed an ancient lich
102771 | Zot:5    | Noticed an orb of fire
102773 | Zot:5    | Killed an orb of fire
102775 | Zot:5    | Noticed a dread lich
102779 | Zot:5    | Noticed an ancient lich
102779 | Zot:5    | Killed a dread lich
102779 | Zot:5    | Noticed a dread lich
102782 | Zot:5    | Killed an ancient lich
102783 | Zot:5    | Noticed an ancient lich
102785 | Zot:5    | Killed a dread lich
102789 | Zot:5    | Noticed an ancient lich
102792 | Zot:5    | Killed an ancient lich
102824 | Zot:5    | Killed an ancient lich
102934 | Zot:5    | Noticed an ancient lich
102936 | Zot:5    | Noticed an ancient lich
102943 | Zot:5    | Killed an ancient lich
102949 | Zot:5    | Killed an ancient lich
104302 | Zot:5    | Got the Orb of Zot
104714 | D:9      | Noticed Rygeyc the pandemonium lord
104991 | D:$      | Escaped with the Orb!

Illustrated notes

Levels and vault maps discovered:
D:1:      kennysheep_arrival_seaside, layout_loops_ring, basic_ecumenical_altar,
          st_stairs_6
D:2:      layout_loops_corners, minmay_tetromino_o4
D:3:      layout_loops_ring, amcnicky_altar_gilded, kennysheep_minor_cross
D:4:      layout_basic, minmay_misc_feat_doors, minmay_between,
          uniq_crazy_yiuf_cottage
D:5:      layout_layer_cave, temple_doors_e, uniq_edmund, uniq_blork_the_orc,
          uniq_ijyb
D:6:      layout_cave_pools, nzn_random_ring, uniq_prince_ribbit1,
          uniq_menkaure, uniq_sigmund
D:7:      layout_loops_corners, minmay_ruined_shrine, uniq_joseph
D:8:      layout_rooms, serial_shops, shop, chequers_arboretum, uniq_amaemon
D:9:      layout_irregular_city, david_orc_1_choice, enter_bailey_2,
          gammafunk_ghost_cemetery, uniq_grum, uniq_psyche, uniq_pikel
D:10:     layout_stronghold, minivault_16
D:11:     layout_irregular_city, erik_lair_orcish_takeover, uniq_erica
D:12:     layout_small_grid, ebering_ghost_disaster_area
D:13:     layout_rooms, erik_vaults_1, uniq_rupert
D:14:     layout_rooms, ploomutoo_gammafunk_ghost_potion_laboratory,
          minivault_25, grunt_decor_fettered, drop_trap
D:15:     grunt_enter_depths_snipers, layout_basic, lemuel_crystal_altar
Temple:   mainiacjoe_temple_hex_bubbles
Lair:1:   layout_chaotic_city, grunt_forest_stairs_basic,
          dreamdust_mushroom_princess, minmay_holes, st_stairs_6,
          lemuel_centaur_altar
Lair:2:   layout_roguey, nicolae_snake_entry_warm_welcome
Lair:3:   layout_gridlike, minmay_shoals_entry_beasts, serial_bayou_crossing
Lair:4:   layout_cave_shapes, chequers_serial_rivers_small_a, wad_woods_road_01
Lair:5:   minmay_lair_end_frog_pond, layout_hall_layers, slime_entry_1
Shoals:1: layout_shoals, uniq_kirke, uniq_louise
Shoals:2: layout_shoals, serial_shops, shop, nicolae_splish_splash
Shoals:3: layout_shoals, serial_shops, nicolae_shop_tiny_statue_garden
Shoals:4: shoals_end_grunt_ice, layout_shoals, shoals_ilsuiw_ice
Snake:1:  layout_grid_shapes, chequers_hall_statues_wall_a, grunt_ministairs_13,
          grunt_megastairs_1, uniq_mlioglotl
Snake:2:  layout_cave_town, serial_shops, bzr_entry_water,
          nicolae_shop_pleasant_corner_grove, shop, shop, nicolae_shop_stone
Snake:3:  layout_onion, grunt_megastairs_3, minmay_shop_star, uniq_aizul,
          uniq_bai_suzhen, uniq_agnes
Snake:4:  hellmonk_snake_rune_quicksilver_temple, layout_cave_town,
          grunt_ministairs_5
Slime:1:  nicolae_slime_pool, layout_caves, nicolae_slime_phagocytosis
Slime:2:  layout_caves
Slime:3:  cheibrodos_slime_lost_civilization_9, layout_caves
Slime:4:  layout_caves
Slime:5:  uniq_dissolution
Orc:1:    layout_caves, gammafunk_ghost_abyssal_escape, hellmonk_jugg_or_not,
          uniq_jorgrun, uniq_erolcha
Orc:2:    hellmonk_orc_salted, layout_caves
Elf:1:    eino_elf_arrival_shootout, layout_rooms, serial_shops,
          nicolae_shop_advertising_works [nicolae_subvault_shop_adworks],
          minmay_elf_sorcery, due_unseen_surprise, lemuel_upstairs_altar
Elf:2:    nicolae_elf_blades_splatter_lattice [mumra_blade_entry_dagger],
          layout_onion_city, serial_shops, nicolae_shop_statue_plus
Elf:3:    grunt_elf_hall_branching, layout_loops_corners, serial_shops, shop,
          basic_altar, minmay_shop_grove
Vaults:1: ontoclasm_vaults_spin, nicolae_vaults_closet_pinwheel_3, v_misc_32,
          v_misc_13, nicolae_vaults_hallways_thing,
          nicolae_vaults_tetromino_T_1, ontoclasm_vaults_pinch,
          nicolae_vaults_back_hallway, v_misc_16, nicolae_vaults_mitosis,
          nicolae_vaults_diamond_2, nicolae_vaults_tetromino_T_1,
          vaults_dpeg_encased_lava, grunt_vaults_hallway_long,
          nicolae_vaults_shelves_hall, nicolae_vaults_double_plus_2,
          layout_vaults_maze_bifur, uniq_asterion
Vaults:2: hangedman_vaults_nodes, v_alt_pattern_1, nicolae_vaults_tetromino_T_2,
          nicolae_vaults_crenellated_ambush,
          hangedman_vaults_stretched_pinwheel, v_rooms_1,
          nicolae_vaults_twisting_passages, hangedman_vaults_maws,
          v_alt_pattern_5, ontoclasm_vaults_ring_large,
          nicolae_vaults_network_s, nicolae_vaults_little_squares_6,
          vaults_dpeg_cross, layout_vaults_ring
Vaults:3: hangedman_vaults_nails, nicolae_vaults_trapezoid_2,
          ontoclasm_vaults_ring_small, minmay_crypt_entry_simple_statues,
          nicolae_vaults_frosty_reception, nicolae_vaults_offset_grid_hallway_1,
          v_misc_26, nicolae_vaults_variable_pillar_hall,
          vaults_mumra_minichess_inversion, ontoclasm_vaults_tryst, v_misc_18,
          v_alt_pattern_4, v_misc_9, nicolae_vaults_little_ls,
          layout_vaults_omnibox
Vaults:4: hangedman_vaults_hat, vaults_room_hallway, nicolae_vaults_diamond_2,
          nicolae_vaults_rhombus_5, nicolae_vaults_closet_pinwheel_1,
          nicolae_vaults_storage_room_doors, layout_vaults_omnigrid,
          serial_shops, shop
Vaults:5: serial_shops
Crypt:1:  layout_gridlike, grunt_crypt_arrival_webbed
Crypt:2:  layout_catacombs, corner_web_ring, uniq_khufu
Crypt:3:  lightli_unholy_cathedral, layout_chaotic_city,
          tomb_entry_shell_bobbens
Tomb:1
Depths:1: layout_cave_pools, grunt_hell_entry_dis_mu, wad_floor_pattern_2,
          gammafunk_ghost_wrathful_warriors, nicolae_shop_vocational,
          firewood_loft, uniq_mara
Depths:2: minmay_big_diamond_grid, layout_twisted_cross, enter_ziggurat_d,
          abyss_entry, small_statue_intersection, hell_entry,
          grunt_pan_entry_in_and_out, hangedman_abyss_or_decor_slice,
          minmay_staircase_windowed_small, uniq_vv, uniq_enchantress
Depths:3: kennysheep_spiral_hall, layout_gridlike,
          nicolae_trove_entry_crossroad, nicolae_abyss_entry_one_way_or_another,
          grunt_qazlal_clouds, lightli_too_deep, kennysheep_generic_room_5
Depths:4: evilmike_zot_entry_basic, layout_cross, hell_entry, uniq_margery
Zot:1:    layout_onion
Zot:2:    layout_onion_interference
Zot:3:    layout_onion, lemuel_flame_loot_1
Zot:4:    layout_misc_corridors
Zot:5:    layout_basic, hangedman_zot_decor_unnerving_road, skrybe_zot_glass_2

Skill      XL: |  1  2  3  4  5  6  7  8  9 10 11 12 13 14 15 16 17 18 19 20 21 22 23 24 25 26 27 |
---------------+----------------------------------------------------------------------------------+-----
Stealth        | 2 3 |  3.0
Dodging        | 2 3 4 5 |  5.0
Ice Magic      | 4 5 6 7 8 9 10 11 | 11.6
Necromancy     | 1 2 3 5 6 7 8 9 10 11 12 13 14 15 16 18 19 20 22 | 22.0
Fighting       | 1 2 3 4 5 6 7 8 9 10 11 12 13 14 15 16 17 18 19 | 19.7
Spellcasting   | 3 4 5 6 7 8 9 10 11 12 13 14 15 17 18 25 | 25.5
Shields        | 2 4 5 6 |  6.0
Summonings     | 3 4 6 7 8 9 10 11 | 11.8
Maces & Flails | 2 4 5 6 7 |  7.8
Long Blades    | 2 4 5 7 8 10 12 | 12.7
Earth Magic    | 1 4 5 7 8 9 16 | 16.7
Armour         | 1 4 |  4.6
Conjurations   | 1 4 6 7 9 12 | 12.5
Evocations     | 3 6 7 |  7.7
Ranged Weapons | 6 9 11 20 | 20.5
Transmutations | 5 9 11 13 | 13.1
Poison Magic   | 1 3 4 |  4.2
Fire Magic     | 1 3 8 17 | 17.7
Translocations | 7 |  7.0
Air Magic      | 12 | 12.0

Action                     |  1- 3 |  4- 6 |  7- 9 | 10-12 | 13-15 | 16-18 | 19-21 | 22-24 | 25-27 || total
---------------------------+-------+-------+-------+-------+-------+-------+-------+-------+-------++-------
  Melee: Whip              |    37 |       |       |       |       |       |       |       |       ||    37
         Short sword       |     9 |    40 |   178 |       |       |       |       |       |       ||   227
         Punch             |     1 |       |     2 |     4 |       |       |       |       |       ||     7
         Demon whip        |       |       |     8 |   445 |   171 |       |       |       |       ||   624
         Falchion          |       |       |       |    48 |   454 |   226 |   425 |   386 |    42 ||  1581
         Staff             |       |       |       |       |       |     3 |       |       |    15 ||    18
         Katana            |       |       |       |       |       |       |       |       |   552 ||   552
         Double sword      |       |       |       |       |       |       |       |       |    13 ||    13
  Throw: Dart              |       |    13 |    12 |    17 |     2 |    22 |     2 |     2 |       ||    70
         Boomerang         |       |       |    14 |    24 |       |     2 |     1 |       |       ||    41
         Javelin           |       |       |       |       |       |       |       |     4 |     7 ||    11
   Cast: Freeze            |    50 |    33 |    15 |       |       |       |       |       |       ||    98
         Frozen Ramparts   |     2 |    17 |    37 |    83 |    84 |     7 |     1 |       |       ||   231
         Necrotise         |     2 |    18 |    32 |    61 |    89 |    64 |     2 |       |       ||   268
         Ozocubu's Armour  |       |       |    18 |    53 |    38 |     2 |     2 |       |       ||   113
         Summon Ice Beast  |       |       |     1 |    47 |    84 |   115 |    13 |     3 |       ||   263
         Sandblast         |       |       |       |       |    51 |       |       |       |       ||    51
         Borgnjor's Vile C |       |       |       |       |    90 |   337 |   294 |   192 |    47 ||   960
         Stone Arrow       |       |       |       |       |    88 |   100 |    45 |    39 |     6 ||   278
         Hailstorm         |       |       |       |       |       |     5 |     2 |     1 |       ||     8
         Passwall          |       |       |       |       |       |     3 |     1 |       |     2 ||     6
         Iskenderun's Myst |       |       |       |       |       |     2 |     2 |    14 |    13 ||    31
         Haunt             |       |       |       |       |       |    53 |   141 |    66 |    23 ||   283
         Dispel Undead     |       |       |       |       |       |     2 |     4 |     9 |    16 ||    31
         Infestation       |       |       |       |       |       |       |    34 |   112 |    49 ||   195
         Necromutation     |       |       |       |       |       |       |       |    45 |    95 ||   140
         Anguish           |       |       |       |       |       |       |       |    18 |    14 ||    32
         Apportation       |       |       |       |       |       |       |       |       |     3 ||     3
         Olgreb's Toxic Ra |       |       |       |       |       |       |       |       |    12 ||    12
         Iron Shot         |       |       |       |       |       |       |       |       |   130 ||   130
         Ignition          |       |       |       |       |       |       |       |       |   117 ||   117
         Spellforged Servi |       |       |       |       |       |       |       |       |    52 ||    52
         Manifold Assault  |       |       |       |       |       |       |       |       |    36 ||    36
         Ignite Poison     |       |       |       |       |       |       |       |       |    21 ||    21
         Blink             |       |       |       |       |       |       |       |       |     4 ||     4
 Invoke: Potion Petition   |       |       |       |       |     7 |     2 |     3 |     9 |    15 ||    36
         Call Merchant     |       |       |       |       |       |       |       |       |     2 ||     2
         Bribe Branch      |       |       |       |       |       |       |       |       |     1 ||     1
Ability: End Transformatio |       |       |       |       |       |       |       |     1 |     3 ||     4
  Evoke: Wand              |       |       |     9 |     2 |     1 |     8 |       |     2 |     4 ||    26
         Lightning rod     |       |       |       |       |       |       |       |       |     1 ||     1
         Condenser vane    |       |       |       |       |       |       |       |       |     1 ||     1
         Phial of floods   |       |       |       |       |       |       |       |       |     1 ||     1
    Use: Scroll            |     7 |     3 |     8 |    10 |     9 |     9 |     2 |     3 |    17 ||    68
         Potion            |       |       |     1 |     1 |    11 |     5 |     9 |    10 |    27 ||    64
   Stab: Sleeping          |     6 |     3 |     1 |     1 |     1 |       |     2 |       |       ||    14
         Paralysed         |    13 |    12 |    43 |    26 |    70 |    24 |    85 |    41 |    20 ||   334
         Distracted        |       |       |       |       |     4 |     2 |     9 |     6 |     4 ||    25
         Invisible         |       |       |       |       |     4 |       |       |       |     5 ||     9
 Armour: Robe              |    20 |    12 |    65 |   157 |   182 |    37 |    54 |    67 |       ||   594
         Acid dragon scale |       |       |       |       |       |       |       |    36 |   205 ||   241
  Dodge: Dodged            |    49 |    33 |    84 |   219 |   427 |   157 |   177 |   157 |   270 ||  1573
         Repelled          |       |       |       |       |    17 |    22 |     6 |     4 |    11 ||    60
  Block: Other             |       |     6 |    35 |    42 |       |       |       |       |       ||    83
         Buckler           |       |       |       |   103 |   450 |   245 |   361 |   373 |   447 ||  1979
         Reflection        |       |       |       |       |       |    85 |    76 |    64 |    67 ||   292
